 Dungeon Crawl Stone Soup version 0.31-a0-1074-g0b22e4e0f1 (webtiles) character file.

Game seed: 10419184760673543731

841 wildpjah the Shooter (level 7, 0/35 HPs)
             Began as a Spriggan Hexslinger on Dec 5, 2023.
             Was a Follower of Dithmenos.
             Slain by Maggie
             ... wielding a +0 halberd
              (8 damage)
             ... on level 6 of the Dungeon.
             The game lasted 00:10:24 (4041 turns).

wildpjah the Shooter (Spriggan Hexslinger)          Turns: 4041, Time: 00:10:25

Health: 0/35       AC:  2    Str:  4    XL:     7   Next: 67%
Magic:  4/11       EV: 20    Int: 15    God:    Dithmenos [*.....]
Gold:   276        SH:  0    Dex: 19    Spells: 6/10 levels left

rFire   . . .        a - +1 sling
rCold   . . .        (no shield)
rNeg    . . .        c - +0 robe
rPois   +            (helmet restricted)
rElec   .            (no cloak)
rCorr   .            (gloves unavailable)
SInv    +            (boots unavailable)
Will    .....        e - amulet of regeneration
Stlth   +++          r - ring of poison resistance
HPRegen 1.05/turn    (no ring)
MPRegen 0.12/turn

%: no passive effects
@: weak-willed, mesmerised, wreathed by umbra, very quick
A: very small, no large weapons, unfitting armour, see invisible, speed 3
a: Renounce Religion


You were on level 6 of the Dungeon.
You worshipped Dithmenos.
Dithmenos was aware of your devotion.
You visited 1 branch of the dungeon, and saw 6 of its levels.

You collected 276 gold pieces.

Inventory:

Hand Weapons
 a - a +1 sling (weapon)
Armour
 c - a +0 robe (worn)
Jewellery
 e - an amulet of regeneration (around neck)
 i - an amulet of magic regeneration
 r - a ring of poison resistance (left hand)
 w - a ring of fire
Wands
 p - a wand of flame (18)
Scrolls
 b - a scroll of poison
 f - 4 scrolls of identify {unknown}
 h - a scroll of summoning {unknown}
 k - a scroll of enchant armour {unknown}
 l - a scroll of fear {unknown}
 q - a scroll of noise {unknown}
 t - a scroll of vulnerability {unknown}
 v - a scroll of blinking {unknown}
 y - a scroll of teleportation {unknown}
Potions
 d - a potion of magic {unknown}
 g - 2 potions of lignification {unknown}
 j - a potion of ambrosia {unknown}
 n - a potion of mutation {unknown}
 o - a potion of might {unknown}
 s - 2 potions of curing {unknown}
 u - 2 potions of cancellation {unknown}
 x - a potion of haste {unknown}
 z - 2 potions of heal wounds {unknown}


   Skills:
 + Level 2.6 Fighting
 + Level 7.0 Ranged Weapons
 * Level 5.1 Dodging
 * Level 2.8 Stealth
 + Level 2.0 Spellcasting
 + Level 4.1 Hexes
 + Level 0.7 Fire Magic


You had 6 spell levels left.
You knew the following spells:

 Your Spells              Type           Power      Damage    Failure   Level
a - Jinxbite              Hex            26%        N/A       6%          2
b - Ensorcelled Hibernat  Hex/Ice        14%        N/A       14%         2

Your spell library contained the following spells:

 Spells                   Type           Power      Damage    Failure   Level
 Sigil of Binding         Hex            13%        N/A       12%         3
 Freeze                   Ice            4%         1d3       22%         1
 Sandblast                Erth           2%         2d4       22%         1
 Inner Flame              Hex/Fire       8%         N/A       24%         3
 Passwall                 Tmut/Erth      0%         N/A       32%         2
 Cause Fear               Hex            6%         N/A       38%         4
 Frozen Ramparts          Ice            2%         1d1       54%         3
 Hailstorm                Conj/Ice       1%         3d3       54%         3
 Stone Arrow              Conj/Erth      2%         3d7       54%         3
 Swiftness                Air            1%         N/A       54%         3
 Anguish                  Hex/Necr       3%         N/A       67%         4
 Dimensional Bullseye     Hex/Tloc       3%         N/A       67%         4
 Brom's Barrelling Bould  Conj/Erth      1%         2d3       91%         4


Dungeon Overview and Level Annotations

Branches:
Dungeon (6/15)
 Temple: D:4-7

Altars:
Ashenzari
Dithmenos
Elyvilon
Fedhas
Okawaru
Sif Muna
Wu Jian
Xom
The Shining One

Shops:
D:5 !

Annotations:
D:4 exclusion: oklob plant
D:6 Maggie


Innate Abilities, Weirdness & Mutations

You are very small and have problems with some larger weapons.
You are too small for most types of armour.
You have supernaturally acute eyesight. (SInv)
You cover ground extremely quickly. (Speed+++)


Message History

You shoot a sling bullet. The sling bullet hits the wight!
The wight is heavily damaged.
Maggie completely misses you. The wight misses you.
You shoot a sling bullet. The sling bullet hits the wight!
The wight is almost destroyed.
Maggie misses you. The wight closely misses you.
You shoot a sling bullet.
The sling bullet hits the wight but does no damage.
The wight is almost destroyed.
Maggie seems less drained.
Maggie closely misses you. The wight closely misses you.
You shoot a sling bullet.
The sling bullet completely misses the wight.
The sling bullet barely misses Maggie.
Maggie closely misses you. The wight misses you.
You shoot a sling bullet. The sling bullet hits the wight!
You destroy the wight!
Dithmenos accepts your kill. Maggie closely misses you.
The sky beast flickers out of sight for a moment.
Your Ranged Weapons skill increases to level 7!
Your Spellcasting skill increases to level 2!
You shoot a sling bullet. The sling bullet hits the sky beast!
The sky beast is moderately wounded.
Maggie barely misses you. The sky beast hits you. The sky beast shocks you.
You shoot a sling bullet. The sling bullet hits the sky beast.
The sky beast is heavily wounded.
Maggie barely misses you. The sky beast misses you.
You shoot a sling bullet. The sling bullet hits the sky beast!
The sky beast is almost dead.
Maggie casts a spell at you. The bolt of fire hits you!!
Ouch! That really hurt!
* * * LOW HITPOINT WARNING * * *
The sky beast flickers out of sight for a moment.
The sky beast misses you.
You shoot a sling bullet.
The sling bullet completely misses the sky beast.
Maggie hits you from afar with a +0 halberd!
You die...

..... .....
##.....
##..!....
##........
###......##.
...#..........#
....(~~@)@....(
...#..Y........
#...........
.............
...............
####.........#.
##.......##
####....#


You could see Maggie (mesmerising) and a sky beast (invisible).

Vanquished Creatures
  2 ice beasts (D:5)
  2 wights
  The ghost of Smoke131 the Trooper, a weakling OgGl (D:3)
  A water moccasin skeleton (D:3)
  A bullfrog zombie (D:3)
  A jelly (D:4)
  An orc priest (D:5)
  Terence (D:2)
  An iguana (D:5)
  3 orc wizards
  Robin (D:3)
  3 gnolls (D:5)
  11 adders
  A worm (D:3)
  3 dart slugs
  12 orcs
  4 endoplasms
  3 giant cockroaches
  18 goblins
  6 hobgoblins
  5 quokkas
  4 ball pythons
  5 bats
  3 frilled lizards
  A kobold (D:2)
  8 rats
102 creatures vanquished.

Notes
Turn   | Place    | Note
-------+----------+-------------------------------------------
     0 | D:1      | wildpjah the Spriggan Hexslinger began the quest for the
                  | Orb.
     0 | D:1      | Reached XP level 1. HP: 9/9 MP: 3/3
    99 | D:1      | Reached skill level 1 in Fighting
   227 | D:1      | Reached XP level 2. HP: 14/14 MP: 5/5
   287 | D:1      | Learned a level 2 spell: Jinxbite
   705 | D:2      | Reached XP level 3. HP: 9/18 MP: 6/6
   769 | D:2      | Learned a level 2 spell: Ensorcelled Hibernation
   854 | D:2      | Found a faded altar of an unknown god.
   890 | D:2      | Reached skill level 3 in Ranged Weapons
  1070 | D:2      | Noticed Terence
  1130 | D:2      | Killed Terence
  1131 | D:2      | Reached XP level 4. HP: 22/22 MP: 7/7
  1429 | D:3      | Noticed Robin
  1474 | D:2      | Reached skill level 4 in Ranged Weapons
  1481 | D:3      | Killed Robin
  1482 | D:3      | Reached XP level 5. HP: 26/26 MP: 8/8
  1598 | D:3      | Found a transporter.
  1599 | D:3      | Noticed Smoke131's ghost (weakling OgGl)
  1624 | D:3      | Found a transporter.
  1711 | D:3      | Found a shadowy altar of Dithmenos.
  1716 | D:3      | Became a worshipper of Dithmenos the Shadowed
  1788 | D:3      | Found a glowing golden altar of the Shining One.
  2050 | D:3      | Reached skill level 5 in Ranged Weapons
  2050 | D:3      | Reached XP level 6. HP: 30/30 MP: 9/9
  2107 | D:3      | Killed Smoke131's ghost
  2254 | D:4      | Found a white marble altar of Elyvilon.
  2254 | D:4      | Found an iron altar of Okawaru.
  2344 | D:4      | Found a broken altar of Ashenzari.
  2692 | D:4      | Found a shimmering blue altar of Sif Muna.
  2708 | D:4      | Found a blossoming altar of Fedhas.
  2729 | D:4      | Noticed an oklob plant
  2975 | D:4      | Reached skill level 1 in Stealth
  3177 | D:5      | Entered Level 5 of the Dungeon
  3182 | D:5      | Found Jirch's Distillery.
  3230 | D:5      | Reached skill level 6 in Ranged Weapons
  3237 | D:5      | Reached XP level 7. HP: 25/35 MP: 8/10
  3343 | D:4      | Reached * piety under Dithmenos
  3552 | D:5      | Reached skill level 5 in Dodging
  3855 | D:5      | Found an ornate altar of the Wu Jian Council.
  3941 | D:5      | Found a shimmering altar of Xom.
  4022 | D:6      | Noticed Maggie
  4038 | D:6      | Reached skill level 7 in Ranged Weapons
  4041 | D:6      | Slain by Maggie

Illustrated notes

Levels and vault maps discovered:
D:1:      dpeg_arrival_morbid_curiosity, layout_loops_ring
D:2:      layout_basic, basic_ecumenical_altar, grunt_ministairs_3,
          st_stairs_11, uniq_terence
D:3:      layout_rooms, marbit_many_paths, lemuel_coloured_pillars_altar,
          gammafunk_ghost_mausoleum, uniq_robin
D:4:      layout_loops_corners, mainiacjoe_overflow_brackets, tgw_fedhas,
          gammafunk_temple_overflow_elements, kennysheep_mini
D:5:      layout_cave_pools, mainiacjoe_overflow_six_doors_small,
          kennysheep_mini_moat, serial_shops, shop, roderic_roman_lattice
D:6:      layout_cave_pools, nrook_uturn, uniq_maggie

Skill      XL: |  1  2  3  4  5  6  7 |
---------------+----------------------+-----
Fighting       | 1 2 |  2.6
Dodging        | 3 4 5 |  5.1
Hexes          | 4 |  4.1
Ranged Weapons | 3 4 5 6 7 |  7.0
Stealth        | 1 2 |  2.8
Spellcasting   | 2 |  2.0
Fire Magic     | |  0.7

Action                     |  1- 3 |  4- 6 |  7- 9 || total
---------------------------+-------+-------+-------++-------
   Fire: Sling             |    85 |   269 |   112 ||   466
  Throw: Throwing net      |       |       |     1 ||     1
   Cast: Jinxbite          |     1 |     3 |     4 ||     8
         Ensorcelled Hiber |       |       |     5 ||     5
 Armour: Robe              |     8 |    44 |    26 ||    78
  Dodge: Dodged            |    20 |   131 |    77 ||   228

Table legend: (Time is in decaauts)
 A = Elapsed time spent in this place.
 B = Non-inter-level travel time spent in this place.
 C = Inter-level travel time spent in this place.
 D = Time resting spent in this place.
 E = Time spent auto-exploring this place.
 F = Levels seen in this place.
 G = Mean time per level.
                   A        B        C        D        E       F      G
               +--------+--------+--------+--------+--------+-----+--------+
         Total |   2819 |   2639 |    180 |     33 |   1699 |   6 |  469.8 |
       Dungeon |   2819 |   2639 |    180 |     33 |   1699 |   6 |  469.8 |
               +--------+--------+--------+--------+--------+-----+--------+

Top non-repeatable levels by time:
     D:4: 733 daAuts
     D:3: 565 daAuts
     D:5: 539 daAuts
     D:2: 493 daAuts
     D:1: 467 daAuts
     D:6: 19 daAuts
